[Event "Serbian League 2024"]
[Site "Bajina Basta"]
[Date "2024.10.02"]
[Round "6.26"]
[White "Eren, Ataberk"]
[Black "Maksimovic, Bojan"]
[Result "1/2-1/2"]
[ECO "B41"]
[WhiteElo "2386"]
[BlackElo "2503"]
[Annotator "TA"]
[PlyCount "28"]
[EventDate "2024.09.26"]
[EventType "team-tourn"]
[EventCountry "SRB"]
[SourceTitle "playchess.com"]
[Source "ChessBase"]
[SourceQuality "1"]
[TimeControl "40/5400+30:1800+30"]

1. e4 c5 2. Nf3 e6 3. d4 cxd4 4. Nxd4 a6 5. g3 d5 6. Nb3 Nf6 7. exd5 exd5 8. Bg2 {White is slightly better.} a5 9. O-O a4 10. Nd4 Be7 11. Nb5 {[%cal Oc2c4] The position is equal.} Bg4 12. Qd3 {Black should prevent c4.} O-O 13. N1c3 Nc6 14. Bf4 (14. Bxd5 $2 {is the wrong capture.} Nb4 15. Qc4 Nbxd5 $19) 14... d4 {[%emt 0:00:00] Weighted Error Value: White=0.07 (flawless) /Black=0.02 (flawless) .  OK:         	White=2     	Black=5      Best:        	---       	Black=2} 1/2-1/2

[Event "Serbian League 2024"]
[Site "Bajina Basta"]
[Date "2024.10.02"]
[Round "6.27"]
[White "Pap, Misa"]
[Black "Ozsakallioglu, Okan"]
[Result "0-1"]
[ECO "B06"]
[WhiteElo "2389"]
[BlackElo "2349"]
[Annotator "TA"]
[PlyCount "54"]
[EventDate "2024.09.26"]
[EventType "team-tourn"]
[EventCountry "SRB"]
[SourceTitle "playchess.com"]
[Source "ChessBase"]
[SourceQuality "1"]
[TimeControl "40/5400+30:1800+30"]

1. e4 c5 2. c3 d5 3. exd5 Qxd5 4. d4 g6 5. Nf3 Bg7 6. Nbd2 {Hoping for Bc4.} cxd4 7. Bc4 Qd8 8. Nxd4 Nf6 9. O-O O-O 10. N2f3 Qc7 11. Bb3 Bd7 12. Re1 Nc6 13. Bg5 Nxd4 14. Qxd4 Bc6 15. Bf4 (15. Qe5 $14 Qxe5 16. Nxe5) 15... Qa5 16. Ne5 (16. Rxe7 {with more complications.} Nd5 17. Re5 Nxf4 18. Rxa5 Bxd4 19. Nxd4 Bxg2 20. Re1) 16... Bd5 17. Qa4 Qxa4 18. Bxa4 Rfd8 19. h3 Rac8 20. Be3 Ne4 21. Nf3 b6 22. Bb3 Bb7 (22... Nxc3 $11 23. bxc3 Bxf3 (23... Bxc3 24. Bxd5 Bxa1 25. Bxf7+ Kxf7 26. Rxa1 $16)) 23. Ng5 $1 $16 Nd6 {[#]} 24. Rad1 $1 e6 {[#]} (24... Bc6 $16 {was called for.}) 25. Bxe6 fxe6 $14 26. Nxe6 Bf8 27. Nxd8 (27. Bf4 $1 $16) 27... Rxd8 {[%emt 0:00:00][%mdl 32768] Weighted Error Value: White=0.19 (very precise) /Black=0.18 (very precise) .  Mistake:       	White=3     	Black=3      Inaccurate:     	---       	Black=1      OK:         	White=4     	Black=9      Best:        	White=1     	Black=1      Strong:       	White=2     	---       . Loss on time!?} 0-1

[Event "Serbian League 2024"]
[Site "Bajina Basta"]
[Date "2024.10.02"]
[Round "6.28"]
[White "Ljepic, Andrej"]
[Black "Damljanovic, Branko"]
[Result "1-0"]
[ECO "C50"]
[WhiteElo "2326"]
[BlackElo "2354"]
[Annotator "RC"]
[PlyCount "115"]
[EventDate "2024.09.26"]
[EventType "team-tourn"]
[EventCountry "SRB"]
[SourceTitle "playchess.com"]
[Source "ChessBase"]
[SourceQuality "1"]
[TimeControl "40/5400+30:1800+30"]

1. e4 e5 2. Nf3 Nc6 3. Bc4 d6 4. d4 Be7 5. h3 Nf6 6. Nc3 O-O 7. d5 Nb8 8. O-O Nbd7 9. a4 Kh8 10. a5 a6 11. b4 Ng8 12. Bd3 g6 13. Ne1 Bg5 14. Bb2 Bh6 15. Ne2 Bg7 16. c4 Ne7 17. Qc2 c5 18. dxc6 Nxc6 19. Qd2 Nf6 20. Nc2 Nh5 21. Bc3 f5 22. f4 exf4 23. Bxg7+ Kxg7 24. exf5 g5 25. g4 Nf6 26. Ned4 Ne5 27. Ne6+ Bxe6 28. fxe6 Nc6 29. Rae1 d5 30. e7 Nxe7 31. Nd4 Kh8 32. Ne6 Qd7 33. Qb2 d4 34. Nxf8 Rxf8 35. Re5 h6 36. b5 axb5 37. cxb5 Qd6 38. Rfe1 f3 39. Qf2 Nfd5 40. Re6 Qb4 41. Rxh6+ Kg8 42. Rh5 Nf4 43. Rxg5+ Kf7 44. Bf1 d3 45. Rge5 Neg6 46. Qc5 Ne2+ 47. Kf2 Qd2 48. Rf5+ Kg7 49. Bxe2 fxe2 50. Rxf8 Nxf8 51. Qe5+ Kf7 52. a6 bxa6 53. bxa6 Nd7 54. Qf5+ Ke7 55. a7 Nb6 56. Qc5+ Kf7 57. a8=Q Nxa8 58. Qd5+ 1-0

[Event "Serbian League 2024"]
[Site "Bajina Basta"]
[Date "2024.10.02"]
[Round "6.29"]
[White "Ivanovic, Marko"]
[Black "Ivanovic, Dragutin"]
[Result "1-0"]
[ECO "B23"]
[WhiteElo "2240"]
[BlackElo "2308"]
[Annotator "TA"]
[PlyCount "33"]
[EventDate "2024.09.26"]
[EventType "team-tourn"]
[EventCountry "SRB"]
[SourceTitle "playchess.com"]
[Source "ChessBase"]
[SourceQuality "1"]
[TimeControl "40/5400+30:1800+30"]

1. e4 c5 2. Nc3 a6 3. g3 b5 4. Bg2 Bb7 5. Nge2 b4 6. Na4 e5 7. c3 Nf6 8. cxb4 {[%emt 0:01:29] White is better.} cxb4 9. d4 Nxe4 (9... d6 $16 {was worth a try.}) 10. O-O $18 (10. dxe5 Nc3 11. Nexc3 (11. bxc3 Bxg2 12. Rg1 Be4 $17) 11... Bxg2 $14) 10... f6 (10... Bd6 11. Be3 O-O) 11. Re1 {[%emt 0:03:32] [#] And now dxe5 would win.} d5 12. f3 Ng5 (12... Nd6 {was necessary.} 13. Nf4 Nd7 14. Nxd5 Rb8 (14... Bxd5 $2 {too greedy.} 15. dxe5 fxe5 16. Qxd5 $18) 15. dxe5 (15. Nxb4 Nb5 $16) 15... fxe5) 13. dxe5 {[%emt 0:06:50] White is clearly winning.} fxe5 14. Nd4 {[%emt 0:00:56] Prevents Ne6.} Bd6 15. f4 O-O 16. fxe5 {[%emt 0:02:40][%cal Oc1g5] [#] Bxg5! is the strong threat.} Be7 17. Bxg5 {[%emt 0:01:00] Black got outplayed after the opening.   Weighted Error Value: White=0.15 (very precise) /Black=0.87.  Mistake:       	---       	Black=3      Inaccurate:     	---       	Black=2      OK:         	White=6     	Black=1} 1-0

[Event "Serbian League 2024"]
[Site "Bajina Basta"]
[Date "2024.10.02"]
[Round "6.30"]
[White "Zivanovic, Bojan"]
[Black "Ristic, Luka"]
[Result "1/2-1/2"]
[ECO "A46"]
[WhiteElo "2161"]
[BlackElo "2274"]
[Annotator "RC"]
[PlyCount "65"]
[EventDate "2024.09.26"]
[EventType "team-tourn"]
[EventCountry "SRB"]
[SourceTitle "playchess.com"]
[Source "ChessBase"]
[SourceQuality "1"]
[TimeControl "40/5400+30:1800+30"]

1. Nf3 d6 2. d4 Nf6 3. g3 Nbd7 4. Bg2 e5 5. dxe5 dxe5 6. O-O Bd6 7. c4 O-O 8. Nc3 h6 9. Qc2 a5 10. b3 Qe7 11. Nh4 Nc5 12. Nf5 Bxf5 13. Qxf5 c6 14. Be3 Qe6 15. Bh3 Qxf5 16. Bxf5 Na6 17. Rad1 Bc5 18. Bc1 Rfe8 19. Ne4 Nxe4 20. Bxe4 Bd4 21. e3 Bc3 22. Ba3 g6 23. g4 Rad8 24. Kg2 Bd2 25. h4 Nb4 26. Bxb4 axb4 27. Kf3 Rd6 28. Ke2 Red8 29. g5 Kg7 30. Rg1 R6d7 31. Rh1 Bc3 32. Rxd7 Rxd7 33. Rd1 1/2-1/2

[Event "Serbian League 2024"]
[Site "Bajina Basta"]
[Date "2024.10.02"]
[Round "6.31"]
[White "Indjic, Aleksandar"]
[Black "Hovhannisyan, Robert"]
[Result "1-0"]
[ECO "A09"]
[WhiteElo "2611"]
[BlackElo "2619"]
[Annotator "TA"]
[PlyCount "107"]
[EventDate "2024.09.26"]
[EventType "team-tourn"]
[EventCountry "SRB"]
[SourceTitle "playchess.com"]
[Source "ChessBase"]
[SourceQuality "1"]
[TimeControl "40/5400+30:1800+30"]

1. Nf3 d5 2. c4 d4 3. b4 c5 4. Bb2 Nf6 5. g3 cxb4 6. Bxd4 Bg4 {[%emt 0:02:13] Strongly threatening ...Bxf3.} 7. Bb2 Bxf3 8. exf3 {The position is equal.} e5 9. f4 e4 (9... Bc5 $15 10. Bg2 (10. fxe5 Bd4 $15) 10... O-O 11. Bxb7 (11. fxe5 Nc6 $15) 11... Bxf2+ 12. Kxf2 Qb6+ 13. d4 Qxb7) 10. Bg2 $14 Qd3 11. Qe2 Qxe2+ 12. Kxe2 Nc6 13. a3 O-O-O 14. Bxf6 gxf6 15. Bxe4 Nd4+ 16. Kd1 {axb4 is the strong threat.} bxa3 17. Ra2 (17. Nxa3 Nb3 18. Rb1 (18. Bf5+ Kb8 $15) 18... Nxd2 (18... Rxd2+ 19. Ke1 $16) 19. Bxb7+ Kb8 (19... Kc7 20. Bd5 $15) 20. Bd5+ (20. Rb5 $2 Nxc4+ 21. Ke2 Nxa3 $19) 20... Nxb1 21. Nxb1 Bb4 $16) 17... f5 18. Bd3 ({Reject} 18. Bd5 Rd6 $11) 18... Bc5 19. Nxa3 Kb8 20. Bb1 (20. Nc2 $14) 20... h5 21. Nc2 Nxc2 22. Bxc2 h4 23. Bxf5 Bxf2 24. g4 Be3 25. d3 Bxf4 26. Rf1 Bg5 27. Be4 f6 28. Rb2 {White is more active.} b6 29. c5 Kc7 30. Ke2 Rb8 31. Rf5 bxc5 32. Rxc5+ Kd6 33. Rbc2 Rhe8 (33... Rhd8 $14) 34. Kf3 (34. Rc7 $16 {Hoping for R2c6+.} Rb1 35. Rxa7) 34... Rb6 (34... Re7 $11) 35. Rd5+ $16 Ke6 36. Rd4 {[%emt 0:00:00] aiming for Bg6.} Re7 37. Re2 Kf7 {[%mdl 8192] [#] Prevents Bg6+. Loses the game.} (37... f5 $16 {was worth a try.}) 38. Bg6+ $1 $18 Kxg6 39. Rxe7 {[%emt 0:00:00][%mdl 4096] Endgame. KRR-KRB} a5 (39... Rb8 $142 40. Rxa7 Rg8) 40. Rdd7 Bh6 {Inhibits Rg7+.} 41. Re8 {[%emt 0:00:00] White wants to mate with Rg8+.} f5 42. Rg8+ Kf6 {[#]} 43. g5+ $1 Bxg5 44. Rdg7 {[%emt 0:00:00] Intending Rg6+ and mate.} Bd2 45. Rg6+ Kf7 46. Rxb6 Kxg8 {KR-KB} 47. Rb5 a4 48. Rb2 Bc1 49. Rc2 (49. Rb1 $142 Bd2 50. Ra1 Kf7 51. Rxa4 Bg5 52. Ra6 Bd2 53. d4 Bc3 54. Ke3) 49... Ba3 50. Rc4 {[%emt 0:00:00] White mates.} Bd6 51. Rxa4 h3 {[#]} 52. Rf4 $1 Kg7 (52... Kf7 53. Rxf5+) 53. Rxf5 Kg6 54. Ke4 {[%emt 0:00:00] Weighted Error Value: White=0.12 (very precise) /Black=0.48.  Loses game:     	---       	Black=1      Mistake:       	White=2     	Black=4      Inaccurate:     	White=6     	Black=4      OK:         	White=13    	Black=11     Best:        	White=2     	Black=6      Brilliant:      	White=2     	---} 1-0

[Event "Serbian League 2024"]
[Site "Bajina Basta"]
[Date "2024.10.02"]
[Round "6.32"]
[White "Grigoryan, Karen H."]
[Black "Markus, Robert"]
[Result "1/2-1/2"]
[ECO "E44"]
[WhiteElo "2569"]
[BlackElo "2586"]
[Annotator "TA"]
[PlyCount "58"]
[EventDate "2024.09.26"]
[EventType "team-tourn"]
[EventCountry "SRB"]
[SourceTitle "playchess.com"]
[Source "ChessBase"]
[SourceQuality "1"]
[TimeControl "40/5400+30:1800+30"]

1. d4 Nf6 2. c4 e6 3. Nc3 Bb4 4. e3 b6 5. Bd3 Bb7 6. Nge2 O-O 7. a3 Bxc3+ 8. Nxc3 d5 9. cxd5 exd5 10. b4 c5 11. bxc5 {White is slightly better.} bxc5 12. dxc5 Nbd7 13. O-O Nxc5 14. Bc2 Ba6 {Inhibits Nb5.} 15. Re1 Bc4 16. Rb1 Rb8 17. Bb2 Qa5 {[%cal Ob8b2] [#] And now ...Rxb2! would win.} 18. Ne2 Nce4 (18... Nfe4 $5) 19. Qd4 Qd2 20. Bxe4 {A strong pair of Bishops.} Qxd4 21. Bxd4 Nxe4 22. Nf4 (22. Bxa7 $2 {is the wrong capture.} Rxb1 23. Rxb1 Bxe2 $19) 22... a6 23. f3 Ng5 24. Be5 {Black is weak on the dark squares} Rb5 25. a4 Rb3 26. Rxb3 Bxb3 27. a5 Re8 28. Rb1 Rxe5 (28... Bc4 $14) 29. Rxb3 $16 {[#] White wants to mate with Rb8+.} g6 {Weighted Error Value: White=0.05 (flawless) /Black=0.10 (very precise) .  Mistake:       	---       	Black=1      Inaccurate:     	---       	Black=1      OK:         	White=10    	Black=7      Best:        	White=1     	Black=2} 1/2-1/2

[Event "Serbian League 2024"]
[Site "Bajina Basta"]
[Date "2024.10.02"]
[Round "6.33"]
[White "Perunovic, Milos"]
[Black "Stankovic, Milos"]
[Result "1/2-1/2"]
[ECO "C67"]
[WhiteElo "2525"]
[BlackElo "2466"]
[Annotator "TA"]
[PlyCount "49"]
[EventDate "2024.09.26"]
[EventType "team-tourn"]
[EventCountry "SRB"]
[SourceTitle "playchess.com"]
[Source "ChessBase"]
[SourceQuality "1"]
[TimeControl "40/5400+30:1800+30"]

1. e4 e5 2. Nf3 Nc6 3. Bb5 Nf6 4. O-O Nxe4 5. Re1 Nd6 6. Nxe5 Be7 7. Bf1 Nxe5 8. Rxe5 O-O 9. d4 Bf6 10. Re1 Re8 11. Bf4 Ne4 12. f3 Nd6 {[%emt 0:04:00] [#] Threatens to win with ...Rxe1.} 13. Be5 Bxe5 14. dxe5 Nf5 15. Nc3 d6 16. Qd2 dxe5 {[%emt 0:00:30] [#]} 17. Rxe5 $1 Be6 18. Qf2 Qd4 19. Rae1 Qxf2+ (19... Red8 {keeps more tension.} 20. Bd3 Qxf2+ 21. Kxf2 Nd4) 20. Kxf2 Nd6 21. h4 Kf8 {[%emt 0:00:30] The position is equal.} 22. g4 Bd7 23. Bd3 Rxe5 24. Rxe5 h6 25. Ne4 {[%emt 0:00:30] A rather calm draw.   Weighted Error Value: White=0.04 (flawless) /Black=0.04 (flawless) .  Inaccurate:     	---       	Black=1      OK:         	White=5     	Black=7      Best:        	---       	Black=1} 1/2-1/2

[Event "Serbian League 2024"]
[Site "Bajina Basta"]
[Date "2024.10.02"]
[Round "6.34"]
[White "Tadic, Stefan"]
[Black "Ivanisevic, Ivan"]
[Result "0-1"]
[ECO "C50"]
[WhiteElo "2440"]
[BlackElo "2519"]
[Annotator "TA"]
[PlyCount "74"]
[EventDate "2024.09.26"]
[EventType "team-tourn"]
[EventCountry "SRB"]
[SourceTitle "playchess.com"]
[Source "ChessBase"]
[SourceQuality "1"]
[TimeControl "40/5400+30:1800+30"]

1. e4 e5 2. Nf3 Nc6 3. Bc4 g6 4. d4 exd4 5. Nxd4 Bg7 6. Nxc6 bxc6 7. O-O d6 8. Nc3 a5 9. f4 Qh4 10. g3 {[%emt 0:11:03] White is slightly better.} Qh5 11. Qxh5 gxh5 12. e5 Ne7 13. Re1 Bf5 14. Bb3 dxe5 15. fxe5 O-O 16. Bg5 Ng6 17. Bf6 Rfe8 18. Bxg7 Kxg7 19. e6 $1 fxe6 20. Na4 e5 21. Rf1 Bh3 22. Rf7+ Kh6 23. Nc3 e4 24. Rxc7 Rad8 $1 {[%emt 0:02:06] [#] Hoping for ...Ne5.} 25. Re1 e3 {[%emt 0:02:34] Threatens to win with ...Ne5.} 26. Rxc6 Rd2 27. Bd5 {[%emt 0:02:47] [#] Against Rg2+. Now White is beyond hope.} (27. Ne2 $15) 27... Rf8 $1 $19 {[%emt 0:03:26] ...Rdf2 is the strong threat.} ({Weaker is} 27... Rxc2 28. Rf6 $17) 28. Be6 Ne5 29. Bxh3+ Nxc6 30. Rxe3 Nd4 {[%emt 0:00:10] Prevents Re6+.} ({Worse is} 30... Rxc2 31. Re6+ Kg7 32. Rxc6 $11) 31. Bg2 Rxc2 {[%emt 0:02:20] ( -> ...Rc1+)} ({But not} 31... Nxc2 32. Re6+ Kg7 33. Bh1 $19) 32. Rd3 Rc1+ 33. Nd1 Ne2+ 34. Kh1 h4 35. gxh4 $2 (35. Rd5) 35... Rf2 {[%emt 0:01:41] White must now prevent ...Nf4. Black is clearly winning.} 36. Rd6+ Kg7 {[%emt 0:01:04] aiming for ...Nf4.} 37. Rd7+ Kf8 {[%emt 0:00:57] Weighted Error Value: White=0.37/Black=0.04 (flawless) .  Loses game:     	White=1     	---        Mistake:       	White=1     	---        Inaccurate:     	White=4     	Black=1      OK:         	White=9     	Black=14     Best:        	White=2     	Black=3      Strong:       	White=1     	Black=2} 0-1

[Event "Serbian League 2024"]
[Site "Bajina Basta"]
[Date "2024.10.02"]
[Round "6.36"]
[White "Tadic, Branko"]
[Black "Miljkovic, Miroslav D"]
[Result "1/2-1/2"]
[ECO "A13"]
[WhiteElo "2424"]
[BlackElo "2420"]
[Annotator "TA"]
[PlyCount "27"]
[EventDate "2024.09.26"]
[EventType "team-tourn"]
[EventCountry "SRB"]
[SourceTitle "playchess.com"]
[Source "ChessBase"]
[SourceQuality "1"]
[TimeControl "40/5400+30:1800+30"]

1. Nf3 Nf6 2. c4 e6 3. g3 a6 4. Bg2 b5 5. b3 Bb7 6. Bb2 {[%emt 1:26:02] The position is equal.} c5 7. Nc3 Qb6 8. O-O Be7 9. e3 O-O 10. Qe2 bxc4 {[#]} 11. bxc4 $1 d6 ({Much worse is} 11... Qxb2 12. Rfb1 Qa3 (12... Bxf3 $2 13. Bxf3 Qa3 14. Bxa8 $18) 13. Rb3 $14 (13. Rxb7 Nc6 $16)) (11... Nc6 12. Rab1) 12. Rab1 {[%cal Oc3d5] Threatening Nd5!} Qc7 13. Ba1 Nbd7 14. Rb3 {[%emt 0:00:00] Not much happened in this game.   Weighted Error Value: White=0.03 (flawless) /Black=0.04 (flawless) .  OK:         	White=4     	Black=4} 1/2-1/2

[Event "Serbian League 2024"]
[Site "Bajina Basta"]
[Date "2024.10.03"]
[Round "7.7"]
[White "Benkovic, Petar"]
[Black "Nadj Hedjesi, Balind"]
[Result "1/2-1/2"]
[ECO "C01"]
[WhiteElo "2362"]
[BlackElo "2212"]
[Annotator "RC"]
[PlyCount "20"]
[EventDate "2024.09.26"]
[EventType "team-tourn"]
[EventCountry "SRB"]
[SourceTitle "playchess.com"]
[Source "ChessBase"]
[SourceQuality "1"]
[TimeControl "40/5400+30:1800+30"]

1. Nf3 e6 2. d4 h6 3. e4 d5 4. exd5 exd5 5. c4 Nf6 6. Nc3 Bb4 7. Bd3 O-O 8. O-O Nc6 9. a3 dxc4 10. Bxc4 Bd6 1/2-1/2

[Event "Serbian League 2024"]
[Site "Bajina Basta"]
[Date "2024.10.03"]
[Round "7.32"]
[White "Djukic, Nikola"]
[Black "Grigoryan, Karen H."]
[Result "1/2-1/2"]
[ECO "C67"]
[WhiteElo "2515"]
[BlackElo "2569"]
[Annotator "RC"]
[PlyCount "32"]
[EventDate "2024.09.26"]
[EventType "team-tourn"]
[EventCountry "SRB"]
[SourceTitle "playchess.com"]
[Source "ChessBase"]
[SourceQuality "1"]
[TimeControl "40/5400+30:1800+30"]

1. e4 e5 2. Nf3 Nc6 3. Bb5 Nf6 4. O-O Nxe4 5. Re1 Nd6 6. Nxe5 Be7 7. Bf1 Nxe5 8. Rxe5 O-O 9. Nc3 Ne8 10. Nd5 Bd6 11. Re1 c6 12. Ne3 Bc7 13. Nf5 d5 14. Ne7+ Kh8 15. Nxc8 Rxc8 16. d3 f5 1/2-1/2